 Dungeon Crawl Stone Soup version 0.20-a0-537-g052e6ba (webtiles) character file.

37 KristoblXynda the Stinger (level 3, 0/21 HPs)
             Began as an Octopode Venom Mage on Jan 27, 2017.
             Succumbed to an adder's poison
             ... on level 2 of the Dungeon on Jan 28, 2017.
             The game lasted 00:04:56 (1691 turns).

KristoblXynda the Stinger (Octopode Venom Mage)     Turns: 1691, Time: 00:04:57

Health: 0/21       AC:  1    Str:  7    XL:     3   Next: 39%
Magic:  1/6        EV: 13    Int: 18    God:
Gold:   21         SH:  0    Dex: 12    Spells: 2/6 levels left

rFire    . . .     SeeInvis .   (no weapon)
rCold    . . .     Gourm    .   (no shield)
rNeg     . . .     Faith    .   (helmet restricted)
rPois    .         Spirit   .   (no amulet)
rElec    .         Reflect  .   (no ring)
rCorr    .         Harm     .   (no ring)
MR       .....                  (no ring)
Stlth    +++.......             (no ring)
Regen    0.1/turn               (no ring)
                                (no ring)
                                (no ring)
                                (no ring)

@: lethally poisoned (0 -> -2)
A: almost no armour, stealthy swim, amphibious, 8 rings, constrict 8, camouflage
1, gelatinous body 1
a: no special abilities


You were on level 2 of the Dungeon.
You were not hungry.

You visited 1 branch of the dungeon, and saw 2 of its levels.

You collected 21 gold pieces.

Inventory:

Scrolls
 d - 2 scrolls of remove curse {unknown}
 e - 2 scrolls of identify
 f - a scroll of amnesia {unknown}
 g - a scroll of enchant armour {unknown}
Books
 a - a Young Poisoner's Handbook

   Spells                             Type                      Level
   a - Sting                          Conjuration/Poison           1
   b - Poisonous Vapours              Poison/Air                   2
   c - Mephitic Cloud                 Conjuration/Poison/Air       3
   d - Olgreb's Toxic Radiance        Poison                       4
   e - Venom Bolt                     Conjuration/Poison           5
Comestibles
 c - a meat ration


   Skills:
 - Level 2.0 Dodging
 - Level 2.6 Stealth
 + Level 2.3 Spellcasting
 + Level 1.7 Conjurations
 + Level 4.5 Poison Magic


You had 2 spell levels left.
You knew the following spells:

 Your Spells              Type           Power        Failure   Level  Hunger
a - Sting                 Conj/Pois      ##..         6%          1    #......
b - Mephitic Cloud        Conj/Pois/Air  #.......     24%         3    ###....


Dungeon Overview and Level Annotations

Branches:
Dungeon (2/15)

Altars:

Annotations:
D:2 Terence


Innate Abilities, Weirdness & Mutations

You cannot wear most types of armour.
You are very stealthy in the water. (Stealth+)
You are amphibious.
You can wear up to eight rings at the same time.
You can use your tentacles to constrict eight enemies at once.
Your skin changes colour to match your surroundings (Stealth+).
Your rubbery body absorbs attacks. (AC +1, EV +1)


Message History

* * * LOW HITPOINT WARNING * * *
* * * LOW HITPOINT WARNING * * *
You feel sick.
Casting: Sting
Confirm with . or Enter, or press ? or * to list all spells.
Aiming: Sting
Press: ? - help, Shift-Dir - straight line, f/p - adder
Aim: an adder (almost dead, poisoned)
The sting hits the adder.
The adder looks even sicker.
You kill the adder!
* * * LOW HITPOINT WARNING * * *
You feel sick.
* * * LOW HITPOINT WARNING * * *
You feel sick.
You eat the bread ration.
That bread ration really hit the spot!
Unknown command.
* * * LOW HITPOINT WARNING * * *
You feel sick.
Your magical contamination has completely faded away.
You die...

##........# ..## #.
#.........# ...# ##.
#.........# ##..#
##..#####.........# #...####
..................###......#
........#....#....#....###.#
........#..#.###.##...####.
...........#.# #............
.......##.##.# #@##.########
.......##....# #.##.#
.......####### #.##w#
......(# #.##.# .......#
#.##.# ##.##### #.##.# #.#
#....# #.# ###### ##.#


There were no monsters in sight!

Vanquished Creatures
  An adder (D:2)
  A worm (D:2)
  3 dart slugs
  3 bats (D:1)
  3 goblins
  3 hobgoblins (D:1)
  A frilled lizard (D:1)
  A kobold (D:2)
  2 rats
18 creatures vanquished.

Notes
Turn   | Place    | Note
-------+----------+-------------------------------------------
     0 | D:1      | KristoblXynda the Octopode Venom Mage began the quest for the Orb.
     0 | D:1      | Reached XP level 1. HP: 11/11 MP: 3/3
   804 | D:1      | Reached XP level 2. HP: 15/17 MP: 0/5
   810 | D:1      | Reached skill level 4 in Poison Magic
  1072 | D:1      | You fall through a shaft!
  1147 | D:2      | Reached XP level 3. HP: 14/21 MP: 1/6
  1155 | D:2      | Learned a level 3 spell: Mephitic Cloud
  1281 | D:2      | Noticed Terence
  1687 | D:2      | HP: 1/21 [poisoned by an adder]
  1691 | D:2      | Succumbed to an adder's poison

Vault maps used:
D:1:      lightli_arrival_maybe_door_vault, due_unseen_surprise
D:2:      first_bread, hex_tiny, grunt_ministairs_6, uniq_terence

Skill      XL: |  1  2 |
---------------+-------+-----
Poison Magic   | 4 |  4.5
Dodging        | |  2.0
Stealth        | |  2.6
Spellcasting   | |  2.3
Conjurations   | |  1.7

Action                   || total
-------------------------++-------
Melee: Unarmed           ||    38
       Constrict         ||    10
       Tentacles         ||     7
 Cast: Sting             ||    31
  Use: Scroll            ||     2
 Stab: Sleeping          ||     2
  Eat: Chunk             ||     2
       Bread ration      ||     1
Armor: Skin              ||     5
Dodge: Dodged            ||    34
